 Dungeon Crawl Stone Soup version 0.31.0-9-g3a7656b989 (webtiles) character file.

Game seed: 11929361144334858188

375 qw the Shooter (level 6, 0/30 HPs)
             Began as a Spriggan Hunter on Feb 2, 2024.
             Slain by an iguana (11 damage)
             ... on level 4 of the Dungeon.
             The game lasted 00:00:16 (3373 turns).

qw the Shooter (Spriggan Hunter)                    Turns: 3373, Time: 00:00:16

Health: 0/30       AC:  4    Str:  7    XL:     6   Next: 44%
Magic:  7/7        EV: 21    Int: 10    God:
Gold:   172        SH:  0    Dex: 21    Spells: 5/5 levels left

rFire   . . .        a - +1 shortbow
rCold   . . .        (shield currently unavailable)
rNeg    . . .        c - +0 robe
rPois   .            (helmet restricted)
rElec   .            m - +1 cloak
rCorr   .            (gloves unavailable)
SInv    +            (boots unavailable)
Will    +....        (no amulet)
Stlth   ++           (no ring)
HPRegen 0.25/turn    (no ring)
MPRegen 0.10/turn

%: no passive effects
@: very quick
A: very small, no large weapons, unfitting armour, see invisible, speed 3
a: no special abilities


You were on level 4 of the Dungeon.
You visited 1 branch of the dungeon, and saw 4 of its levels.
You also visited: Sewer.

You collected 172 gold pieces.


Innate Abilities, Weirdness & Mutations

You are very small and have problems with some larger weapons.
You are too small for most types of armour.
You have supernaturally acute eyesight. (SInv)
You cover ground extremely quickly. (Speed+++)


   Skills:
 - Level 2.0 Fighting
 + Level 6.3 Ranged Weapons
 - Level 6.1 Dodging
 - Level 1.5 Stealth


You had 5 spell levels left.
You didn't know any spells.
Your spell library was empty.

Inventory:

Hand Weapons
 a - a +1 shortbow (weapon)
Armour
 c - a +0 robe (worn)
 m - a +1 cloak (worn)
Jewellery
 g - a ring of ice
Wands
 j - a wand of acid (7)
Scrolls
 b - a scroll of identify
 l - a scroll of teleportation
Potions
 d - a potion of cancellation
 e - a potion of might
 f - a potion of haste
 h - a potion of resistance
 i - 2 potions of heal wounds
 o - a potion of magic {unknown}

Dungeon Overview and Level Annotations

Branches:
Dungeon (4/15)              Sewer (visited)
 Temple: D:4-7

Altars:


Message History

You now have 172 gold pieces (gained 18).
You enter the shallow water.
Moving in this stuff is going to be slow.
Found a stone staircase leading up.
Enter note:
There is a stone staircase leading up here.
Found a stone staircase leading down.
An iguana comes into view.
You shoot an arrow. The arrow closely misses the iguana.
The iguana hisses angrily.
You shoot an arrow. The arrow hits the iguana.
The iguana is lightly wounded.
You shoot an arrow. The arrow hits the iguana!
The iguana is heavily wounded.
You shoot an arrow.
The arrow hits the iguana but does no damage.
The iguana is heavily wounded.
You shoot an arrow. The arrow hits the iguana.
The iguana is severely wounded.
You shoot an arrow. The arrow barely misses the iguana.
The arrow hits the plant.
The plant begins to die.
The plant is lightly damaged.
The iguana bites you!
You shoot an arrow.
The arrow hits the iguana but does no damage.
The iguana is severely wounded.
The iguana bites you!
You shoot an arrow. The arrow barely misses the iguana.
The arrow hits the plant!
The plant is lightly damaged.
The iguana misses you.
You shoot an arrow.
The arrow hits the iguana but does no damage.
The iguana is severely wounded.
The iguana completely misses you.
You shoot an arrow. The arrow barely misses the iguana.
The arrow hits the plant!
The plant is lightly damaged.
A nearby plant withers and dies.
The iguana bites you!
You die...

.# .# ...## .# #>...7
.#.# #.~.~ .#.#
#.~~P# .#.# .P~~.
.#.# P.. .#.#
#.#l##### ...##
#...@...# ....#
#######.# ....## #.#
#7.~~# #<# 7~.~~7#
#.# ~~.~~~7#
##########.# ~P.~~~~#
#.......##.# ~~.P~~7#
#.......##.#
~P.~~~7###....<..##.#


You could see an iguana.

Vanquished Creatures
  2 jellies (Sewer)
  Ijyb (D:3)
  Jessica (D:2)
  Natasha (twice) (D:3)
  Terence (D:2)
  7 adders
  3 dart slugs
  4 ribbon worms
  4 orcs
  10 ball pythons
  11 endoplasms
  4 giant cockroaches
  6 goblins
  9 hobgoblins
  9 jackals
  3 quokkas
  5 bats
  13 frilled lizards
  7 kobolds
  11 rats
113 creatures vanquished.

Notes
Turn   | Place    | Note
-------+----------+-------------------------------------------
     0 | D:1      | qw the Spriggan Hunter began the quest for the Orb.
     0 | D:1      | Reached XP level 1. HP: 10/10 MP: 2/2
     0 | D:1      | 0 ||| qw: Version: 0.3-a-155-g5e7d8dd
     0 | D:1      | 0 ||| qw: Game counter: 2640
     0 | D:1      | 0 ||| qw: Melee chars always use a shield: true
     0 | D:1      | 0 ||| qw: God list: Okawaru
     0 | D:1      | 0 ||| qw: Allow faded altars: false
     0 | D:1      | 0 ||| qw: Do Orc after clearing Dungeon:15 true
     0 | D:1      | 0 ||| qw: Do second Lair branch before Depths: true
     0 | D:1      | 0 ||| qw: Lair rune preference: random
     0 | D:1      | 0 ||| qw: Goals: Normal
     0 | D:1      | 0 ||| PLANNING D:1-11
   179 | D:1      | Reached skill level 3 in Dodging
   346 | D:1      | Reached XP level 2. HP: 11/14 MP: 3/3
   763 | D:1      | Reached XP level 3. HP: 18/18 MP: 4/4
   960 | D:1      | 960 ||| READING 3 scrolls labelled ANNIOL PUR.
   960 | D:1      | 960 ||| IDENTIFYING sedimented coppery potion
   961 | D:1      | 961 ||| READING 2 scrolls of identify.
   961 | D:1      | 961 ||| IDENTIFYING inky potion
   962 | D:1      | 962 ||| READING scroll of identify.
   962 | D:1      | 962 ||| IDENTIFYING pink potion
   963 | D:1      | 963 ||| READING scroll labelled ROXICU NYCID.
   964 | D:1      | 964 ||| DRINKING 2 green potions.
   965 | D:1      | 965 ||| DROPPING scroll of butterflies.
   966 | D:1      | 966 ||| DROPPING potion of brilliance.
   967 | D:1      | 967 ||| DROPPING potion of degeneration.
  1284 | D:2      | Noticed Jessica
  1285 | D:2      | Killed Jessica
  1326 | D:2      | Reached XP level 4. HP: 22/22 MP: 5/5
  1364 | D:2      | Noticed Terence
  1379 | D:2      | Killed Terence
  1906 | D:2      | 1906 ||| READING 6 scrolls of identify.
  1906 | D:2      | 1906 ||| IDENTIFYING sedimented black potion
  1907 | D:2      | 1907 ||| READING 5 scrolls of identify.
  1907 | D:2      | 1907 ||| IDENTIFYING scroll labelled AWIYC GIYX
  1908 | D:2      | 1908 ||| DROPPING scroll of immolation.
  1952 | D:3      | 1952 ||| PLANNING SEWER
  2015 | D:3      | Noticed Ijyb
  2019 | D:3      | 2019 ||| FLEEEEING.
  2031 | D:3      | Killed Ijyb
  2032 | D:3      | Reached XP level 5. HP: 7/26 MP: 6/6
  2273 | D:3      | Noticed Natasha
  2277 | D:3      | 2277 ||| RETREEEEATING.
  2280 | D:3      | 2280 ||| RETREEEEATING.
  2287 | D:3      | 2287 ||| RETREEEEATING.
  2289 | D:3      | 2289 ||| RETREEEEATING.
  2290 | D:3      | 2290 ||| RETREEEEATING.
  2291 | D:3      | 2291 ||| RETREEEEATING.
  2292 | D:3      | 2292 ||| RETREEEEATING.
  2314 | D:3      | Killed Natasha
  2459 | D:3      | Noticed Natasha
  2466 | D:3      | Killed Natasha
  2541 | D:3      | Reached skill level 6 in Ranged Weapons
  2736 | D:3      | Found a glowing drain.
  2737 | D:3      | 2737 ||| UPGRADING to +0 cloak.
  2742 | D:3      | 2742 ||| READING 6 scrolls of identify.
  2742 | D:3      | 2742 ||| IDENTIFYING clear potion
  2743 | D:3      | 2743 ||| READING 5 scrolls of identify.
  2743 | D:3      | 2743 ||| IDENTIFYING scroll labelled NAESOY GAUNKERILU
  2744 | D:3      | 2744 ||| READING scroll of enchant weapon.
  2744 | D:3      | 2744 ||| ENCHANTING +0 shortbow.
  2745 | D:3      | 2745 ||| READING 4 scrolls of identify.
  2745 | D:3      | 2745 ||| IDENTIFYING scroll labelled KAINKU KESAO
  2746 | D:3      | 2746 ||| READING scroll of enchant armour.
  2746 | D:3      | 2746 ||| ENCHANTING +0 cloak.
  2747 | D:3      | 2747 ||| READING 3 scrolls of identify.
  2747 | D:3      | 2747 ||| IDENTIFYING scroll labelled FECVEM LECZO
  2748 | D:3      | 2748 ||| DROPPING potion of attraction.
  2753 | Sewer    | Entered a sewer
  2839 | Sewer    | Reached XP level 6. HP: 30/30 MP: 7/7
  2881 | Sewer    | Reached skill level 6 in Dodging
  2884 | Sewer    | Found a viscous altar of Jiyva.
  2958 | Sewer    | 2958 ||| READING 2 scrolls of identify.
  2958 | Sewer    | 2958 ||| IDENTIFYING amethyst potion
  2959 | Sewer    | 2959 ||| READING scroll of identify.
  2959 | Sewer    | 2959 ||| IDENTIFYING glowing grey potion
  2960 | Sewer    | 2960 ||| READING scroll labelled DAVADGH QURAMAW.
  2961 | Sewer    | 2961 ||| READING scroll labelled LUAC BIEFA.
  2981 | D:3      | 2981 ||| PLANNING D:1-11
  3373 | D:4      | Slain by an iguana

Levels and vault maps discovered:
D:1:      nicolae_arrival_somewhat_less_tricky_arrival, layout_loops_corners,
          minivault_19, grunt_decor_mini_mirrors
D:2:      layout_loops_ring, kennysheep_small_spiral, grunt_decor_resistance,
          minmay_split_cup_large, uniq_crazy_yiuf_cottage, uniq_terence,
          uniq_jessica
D:3:      wad_crossroads, layout_basic, portal_sewer_entry_e, uniq_natasha,
          uniq_ijyb
D:4:      layout_loops_ring, serial_bayou, serial_bayou_pond_e,
          serial_bayou_lagoon_b, serial_bayou_pond_a, serial_bayou_pond_e

Skill      XL: |  1  2  3  4  5  6 |
---------------+-------------------+-----
Dodging        | 3 4 5 6 |  6.1
Ranged Weapons | 5 6 |  6.3
Fighting       | 2 |  2.0
Stealth        | |  1.5

Action                     |  1- 3 |  4- 6 || total
---------------------------+-------+-------++-------
   Fire: Shortbow          |    93 |   267 ||   360
    Use: Scroll            |     4 |    12 ||    16
         Potion            |     1 |       ||     1
 Armour: Robe              |     2 |    24 ||    26
         Skin              |       |     2 ||     2
  Dodge: Dodged            |    40 |    97 ||   137

Table legend:
 A = Non-vault XP
 B = Vault XP
 C = Vault XP percentage of total XP
 D = Non-vault monster count
 E = Vault monster count
 F = Vault count percentage of total count
                 A         B        C        D         E       F
            +---------+---------+-------+---------+---------+-------
      Total |     221 |     316 |  58.8 |      75 |      38 |  33.6
            +---------+---------+-------+---------+---------+-------
        D:1 |      42 |       0 |   0.0 |      26 |       0 |   0.0
        D:2 |      55 |      77 |  58.3 |      19 |       6 |  24.0
        D:3 |      75 |      82 |  52.2 |      18 |       6 |  25.0
        D:4 |      49 |       0 |   0.0 |      12 |       0 |   0.0
      Sewer |       0 |     157 | 100.0 |       0 |      26 | 100.0
            +---------+---------+-------+---------+---------+-------
